 Dungeon Crawl Stone Soup version 0.25-a0-561-g0977b4d109 (webtiles) character file.

Game seed: 3505793564318925844, levelgen mode: deterministic

161 Flugslaktarn the Chopper (level 5, -3/47 HPs)
             Began as a Minotaur Fighter on Feb 25, 2020.
             Slain by an orc
             ... wielding a +0 trident
              (5 damage)
             ... on level 4 of the Dungeon.
             The game lasted 00:00:26 (658 turns).

Flugslaktarn the Chopper (Minotaur Fighter)          Turns: 658, Time: 00:00:27

Health: -3/47      AC:  7    Str: 21    XL:     5   Next: 19%
Magic:  4/4        EV:  7    Int:  5    God:
Gold:   57         SH:  9    Dex: 10    Spells: 4/4 levels left

rFire    . . .     SeeInvis .   a - +0 war axe
rCold    . . .     Gourm    .   c - +0 kite shield
rNeg     . . .     Faith    .   b - +0 scale mail
rPois    .         Spirit   .   (helmet restricted)
rElec    .         Reflect  .   (no cloak)
rCorr    .         Harm     .   (no gloves)
MR       .....                  (no boots)
Stlth    ..........             (no amulet)
HPRegen  0.15/turn              (no ring)
MPRegen  0.09/turn              (no ring)

@: mighty
A: retaliatory headbutt, horns 2
a: no special abilities


You were on level 4 of the Dungeon.
You were not hungry.

You visited 1 branch of the dungeon, and saw 3 of its levels.

You collected 57 gold pieces.

Inventory:

Hand Weapons
 a - a +0 war axe (weapon)
Armour
 b - a +0 scale mail (worn)
 c - a +0 kite shield (worn)
Jewellery
 k - an uncursed ring of wizardry {unknown}
   (You found it on level 2 of the Dungeon)
Scrolls
 g - 2 scrolls of enchant weapon {unknown}
 h - a scroll of identify {unknown}
 i - a scroll of amnesia {unknown}
 j - a scroll of magic mapping {unknown}
 l - a scroll of immolation {unknown}
Comestibles
 e - 2 rations
 f - 5 chunks of flesh


   Skills:
 + Level 4.5 Fighting
 * Level 4.5 Axes
 + Level 4.5 Armour
 + Level 4.5 Shields


You had 4 spell levels left.
You didn't know any spells.
Your spell library was empty.

Dungeon Overview and Level Annotations

Branches:
Dungeon (2/15)

Altars:

Annotations:
D:4 Dowan, Duvessa


Innate Abilities, Weirdness & Mutations

You reflexively headbutt those who attack you in melee.
You have a pair of horns on your head.


Message History

You hit Duvessa but do no damage. You hit the worker ant.
Duvessa hits you with a +0 short sword. The worker ant bites you.
* * * LOW HITPOINT WARNING * * *
The orc closely misses you. You block Duvessa's attack.
The worker ant waves its antennae.
The worker ant bites you but does no damage.
Dowan mumbles some strange words.
Dowan blinks!
Duvessa hits you with a +0 short sword.
* * * LOW HITPOINT WARNING * * *
You block Duvessa's attack. Duvessa hits you but does no damage.
Duvessa hits you with a +0 short sword!
* * * LOW HITPOINT WARNING * * *
You block Duvessa's attack.
Some of the chunks of flesh in your inventory have rotted away.
You feel very mighty all of a sudden. You block Duvessa's attack.
The orc hits you from afar with a +0 trident.
You die...

#...#.......#
#...#...[...#
#...#.......#
###'#.......######
#...............#
#...............# #..
#....o..........# #..
#.....ea........# #..
#.....@.........+ #..
#..........))...# #..
#..........)....# #..
#...............# #..
#.........[....÷#####..
########+##'#.........#
.........#.....÷...#
.........#.........#
.........#.........#


You could see Duvessa, a worker ant and an orc.

Vanquished Creatures
  A hound (D:4)
  An orc wizard (D:4)
  An iguana (D:2)
  A worker ant (D:4)
  2 adders
  A dart slug (D:4)
  5 orcs (D:4)
  A ball python (D:2)
  2 giant cockroaches
  A goblin (D:1)
  2 hobgoblins (D:2)
  5 jackals
  2 quokkas (D:2)
  2 frilled lizards
  A kobold (D:2)
  A rat (D:2)
29 creatures vanquished.

Notes
Turn   | Place    | Note
-------+----------+-------------------------------------------
     0 | D:1      | Flugslaktarn the Minotaur Fighter began the quest for the
                  | Orb.
     0 | D:1      | Reached XP level 1. HP: 19/19 MP: 0/0
   239 | D:2      | Reached XP level 2. HP: 26/27 MP: 1/1
   282 | D:2      | Reached XP level 3. HP: 33/33 MP: 2/2
   398 | D:2      | You fall into a shaft and drop 2 floors!
   433 | D:4      | Reached XP level 4. HP: 20/40 MP: 3/3
   641 | D:4      | Noticed Duvessa
   641 | D:4      | Noticed Dowan
   647 | D:4      | Reached XP level 5. HP: 19/47 MP: 4/4
   654 | D:4      | HP: 2/47 [Duvessa/+0 short sword (7)]
   658 | D:4      | Slain by an orc

Levels and vault maps discovered:
D:1:      dpeg_arrival_tiny_e, layout_loops_corners
D:2:      minmay_chambers_of_ones, layout_loops_corners,
          minmay_misc_feat_hallway, minmay_small_reverse_x
D:4:      layout_gridville, kennysheep_small_square, uniq_duvessa

Skill      XL: |  1  2  3 |
---------------+----------+-----
Fighting       | 4 |  4.5
Axes           | 3 4 |  4.5
Armour         | 4 |  4.5
Shields        | 4 |  4.5

Action                   |  1- 3 |  4- 6 || total
-------------------------+-------+-------++-------
Melee: War axe           |    51 |    17 ||    68
       Headbutt          |     3 |     3 ||     6
  Use: Potion            |       |     1 ||     1
Armor: Scale mail        |    21 |    12 ||    33
Dodge: Dodged            |    16 |    10 ||    26
Block: Kite shield       |    31 |    15 ||    46

Table legend:
 A = Non-vault XP
 B = Vault XP
 C = Vault XP percentage of total XP
 D = Non-vault monster count
 E = Vault monster count
 F = Vault count percentage of total count
                 A         B        C        D         E       F
            +---------+---------+-------+---------+---------+-------
      Total |     211 |      20 |   8.7 |      25 |       4 |  13.8
            +---------+---------+-------+---------+---------+-------
        D:1 |       4 |       0 |   0.0 |       2 |       0 |   0.0
        D:2 |      52 |      20 |  27.8 |      10 |       4 |  28.6
        D:4 |     155 |       0 |   0.0 |      13 |       0 |   0.0
            +---------+---------+-------+---------+---------+-------
